 Dungeon Crawl Stone Soup version 0.26-a0-579-g3afe4966bf (webtiles) character file.

Game seed: 6813945318280115912

13568 ANON1729 the Covert (level 12, -1/73 HPs)
             Began as a Kobold Brigand on Aug 23, 2020.
             Was an Elder of Wu Jian.
             Killed from afar by Josephine (15 damage)
             ... with a ghostly fireball
             ... on level 12 of the Dungeon.
             The game lasted 00:27:17 (15605 turns).

ANON1729 the Covert (Kobold Brigand)               Turns: 15605, Time: 00:27:18

Health: -1/73      AC: 11    Str:  9    XL:     12   Next: 34%
Magic:  12/12      EV: 21    Int: 12    God:    Wu Jian [****..]
Gold:   652        SH:  5    Dex: 21    Spells: 11/11 levels left

rFire    . . .     SeeInvis .   F - +2 dagger (pain)
rCold    . . .     Faith    .   (shield restricted)
rNeg     . . .     Spirit   .   E - +0 steam dragon scales
rPois    .         Reflect  +   (no helmet)
rElec    .         Harm     .   c - +1 cloak
rCorr    .                      n - +2 pair of gloves
MR       .....                  r - +0 pair of boots
Stlth    +++++++...             y - amulet of reflection
HPRegen  0.22/turn              (no ring)
MPRegen  0.13/turn              (no ring)

@: exhausted, drained
A: small, nightstalker 3
a: Wall Jump, Serpent's Lash, Renounce Religion


You were on level 12 of the Dungeon.
You worshipped Wu Jian.
Wu Jian was greatly pleased with you.
You visited 2 branches of the dungeon, and saw 13 of its levels.
You also visited: Sewer.

You collected 758 gold pieces.
You spent 106 gold pieces at shops.

Inventory:

Hand Weapons
 p - a cursed -1 short sword
 F - a +2 dagger of pain (weapon)
 P - a +2 scimitar of flaming
Missiles
 d - 87 poisoned darts (quivered)
 e - 2 curare-tipped darts
 x - 4 silver boomerangs
Armour
 b - a +0 robe
 c - a +1 cloak (worn)
 n - a +2 pair of gloves (worn)
 r - a +0 pair of boots (worn)
 E - +0 steam dragon scales (worn)
Jewellery
 y - an amulet of reflection (around neck)
Wands
 v - a wand of digging (6)
 G - a wand of random effects (43)
 J - a wand of polymorph (5)
 L - a wand of iceblast (10)
Scrolls
 f - 3 scrolls of blinking
 i - 4 scrolls of amnesia
 k - 5 scrolls of magic mapping
 m - 5 scrolls of fog
 o - 2 scrolls of fear
 q - 8 scrolls of teleportation
 s - 6 scrolls of remove curse
 A - 2 scrolls of enchant weapon
 D - a scroll of noise {unknown}
 H - a scroll of random uselessness {unknown}
 I - 2 scrolls of identify
 M - a scroll of vulnerability {unknown}
 N - a scroll of enchant armour
 O - a scroll of silence {unknown}
Potions
 a - a potion of might
 g - a potion of magic {unknown}
 h - a potion of mutation {unknown}
 j - 2 potions of invisibility {unknown}
 l - 5 potions of curing
 t - 2 potions of lignification {unknown}
 u - 4 potions of haste
 w - 2 potions of brilliance
 B - 3 potions of resistance {unknown}
 C - 2 potions of berserk rage {unknown}
 K - 2 potions of stabbing


   Skills:
 + Level 7.8(6.6) Fighting
 * Level 12.7(11.4) Short Blades
 + Level 7.8(6.6) Throwing
 + Level 8.2(7.0) Dodging
 * Level 14.3(12.9) Stealth
 + Level 6.8(5.6) Evocations


You had 11 spell levels left.
You didn't know any spells.
Your spell library contained the following spells:

 Spells                   Type           Power        Failure   Level
 Animate Skeleton         Necr           #.....       32%         1
 Apportation              Tloc           #.....       32%         1
 Corona                   Hex            #......      32%         1
 Pain                     Necr           #...         32%         1
 Sting                    Tmut/Pois      #...         32%         1
 Summon Small Mammal      Summ           #...         32%         1
 Ensorcelled Hibernation  Hex/Ice        #.....       45%         2
 Poisonous Vapours        Pois/Air       #.....       45%         2
 Confusing Touch          Hex            #.......     69%         3
 Dazzling Flash           Conj/Hex       #.....       69%         3
 Ignite Poison            Fire/Tmut/Pois #.......     69%         3
 Mephitic Cloud           Conj/Pois/Air  #.......     69%         3
 Tukima's Dance           Hex            #.......     69%         3
 Vampiric Draining        Necr           #.........   69%         3
 Animate Dead             Necr           #.........   97%         4
 Olgreb's Toxic Radiance  Pois           #.......     97%         4
 Agony                    Necr           #.......     100%        5


Dungeon Overview and Level Annotations

Branches:
Dungeon (12/15)            Temple (1/1) D:5            Lair (0/6) D:8
    Orc (0/2) D:9           Sewer (visited)

Altars:
Ashenzari
Dithmenos
Elyvilon
Fedhas
Gozag
Kikubaaqudgha
Nemelex Xobeh
Okawaru
Sif Muna
Trog
Vehumet
Wu Jian
Beogh

Shops:
D:6 *

Annotations:
D:8 3 runed translucent doors
D:12 Josephine


Innate Abilities, Weirdness & Mutations

You are small and have problems with some larger weapons.
You are completely attuned to the shadows.


Message History

Josephine casts a spell at you.
The ghostly flame explodes!
The ghostly fireball engulfs you!!
You feel drained.
* * * LOW HITPOINT WARNING * * *
The ghostly fireball engulfs Josephine.
Josephine completely resists.
Josephine hits you but does no damage.
Evoke which item? (* to show all) (? for menu, Esc to quit)
Aiming: Random Effects
Press: ? - help, Shift-Dir - straight line, f/p - Josephine
Aim: Josephine, wielding a +2 dagger of holy wrath and wearing a +0 robe (moderately wounded, fast) Josephine resists with some effort.
Josephine hits you with a +2 dagger of holy wrath.
* * * LOW HITPOINT WARNING * * *
Your muscles tense, ready for explosive movement...
Your supernatural speed expires.
Okay, then.
Okay, then.
Josephine casts a spell at you.
The ghostly flame explodes!
The ghostly fireball engulfs you!
You feel drained.
You die...

#.# #.# #.#
#.# #.# #.#
#.# #.########
#<.....@.#
########.# #
###○### #
#...○.#
####.###@####.
##
.....#..W†....
..
####.#........
....
#.........#
#.#.
###.......#
#.#.


You could see Josephine (fast).

Vanquished Creatures
  Azrael (D:12)
  3 two-headed ogres
  3 trolls
  6 hippogriffs
  A wyvern (D:11)
  2 wraiths (D:11)
  10 yaks
  A fire elemental (D:12)
  A steam dragon (D:7)
  A water moccasin (D:8)
  A soldier ant (D:11)
  2 hell hounds (D:12)
  5 ice beasts
  7 sky beasts
  6 orc warriors
  A black bear (D:10)
  A phantom (D:7)
  8 ogres
  10 centaurs
  2 crocodiles
  3 big kobolds
  7 bullfrogs
  2 gnoll sergeants
  A wyvern skeleton (D:8)
  2 scorpions
  8 wights
  2 howler monkeys (D:10)
  2 centaur zombies
  A quasit (D:5)
  A centaur skeleton (D:5)
  8 hounds
  3 bullfrog skeletons
  4 orc priests
  5 orc wizards
  Ijyb (D:5)
  5 iguanas
  6 worker ants
  Terence (D:3)
  A hound zombie (D:6)
  2 worker ant zombies
  A howler monkey skeleton (D:8)
  15 adders
  8 gnolls
  A shadow imp (D:7)
  A white imp (D:8)
  3 ufetubi
  2 oozes (D:2)
  An adder zombie (D:7)
  2 adder skeletons
  3 worms
  2 dart slugs (D:2)
  6 leopard geckos
  30 orcs
  2 ball pythons
  4 giant cockroaches
  8 hobgoblins
  11 jackals
  2 quokkas
  15 bats
  8 frilled lizards
  3 goblins
  11 kobolds
  2 leopard gecko skeletons
  A leopard gecko zombie (D:6)
  A quokka zombie (D:7)
  9 rats
289 creatures vanquished.

Notes
Turn   | Place    | Note
-------+----------+-------------------------------------------
     0 | D:1      | ANON1729 the Kobold Brigand began the quest for the Orb.
     0 | D:1      | Reached XP level 1. HP: 12/12 MP: 1/1
   137 | D:1      | Reached XP level 2. HP: 17/17 MP: 2/2
   281 | D:1      | Reached XP level 3. HP: 22/22 MP: 3/3
  1829 | D:2      | Reached skill level 6 in Stealth
  1829 | D:2      | Reached XP level 4. HP: 21/27 MP: 4/4
  2778 | D:3      | Found a white marble altar of Elyvilon.
  2806 | D:3      | Noticed Terence
  2852 | D:3      | Killed Terence
  2852 | D:3      | Reached XP level 5. HP: 25/32 MP: 5/5
  3128 | D:3      | Noticed a big kobold
  3158 | D:3      | Killed a big kobold
  3158 | D:3      | Reached XP level 6. HP: 24/37 MP: 6/6
  3266 | D:3      | Found a bloodstained altar of Trog.
  3741 | D:4      | Reached skill level 7 in Stealth
  4164 | D:4      | Found a sparkling altar of Nemelex Xobeh.
  4651 | D:4      | Reached skill level 5 in Short Blades
  4998 | D:5      | Entered Level 5 of the Dungeon
  5008 | D:5      | Noticed a sky beast
  5012 | D:5      | Killed a sky beast
  5012 | D:5      | Reached XP level 7. HP: 41/41 MP: 7/7
  5180 | D:5      | Reached skill level 8 in Stealth
  5607 | D:5      | Found a staircase to the Ecumenical Temple.
  5613 | Temple   | Entered the Ecumenical Temple
  5618 | Temple   | Became a worshipper of the Wu Jian Council
  5737 | D:6      | Reached XP level 8. HP: 48/48 MP: 8/8
  5991 | D:6      | Found a shadowy altar of Dithmenos.
  6081 | D:6      | Found Qucew's Assorted Antiques.
  6086 | D:6      | Bought a dark potion for 20 gold pieces
  6086 | D:6      | Bought a dark potion for 20 gold pieces
  6086 | D:6      | Bought a golden potion for 20 gold pieces
  6086 | D:6      | Bought a scroll of identify for 46 gold pieces
  6122 | D:6      | Reached skill level 9 in Stealth
  6129 | D:6      | Found a glowing drain.
  6135 | Sewer    | Entered a sewer
  6475 | D:6      | Reached * piety under Wu Jian
  6475 | D:6      | Reached XP level 9. HP: 49/52 MP: 9/9
  6554 | D:6      | Reached skill level 1 in Evocations
  6949 | D:6      | Reached skill level 5 in Dodging
  6949 | D:6      | Reached skill level 10 in Stealth
  7095 | D:7      | Noticed a hippogriff
  7099 | D:7      | Killed a hippogriff
  7099 | D:7      | Reached skill level 5 in Fighting
  7099 | D:7      | Reached skill level 5 in Throwing
  7163 | D:7      | Noticed a hippogriff
  7184 | D:7      | Killed a hippogriff
  7719 | D:7      | Noticed a hippogriff
  7722 | D:7      | Killed a hippogriff
  7889 | D:7      | Reached skill level 11 in Stealth
  7891 | D:7      | Reached XP level 10. HP: 59/59 MP: 10/10
  8371 | D:5      | Noticed Ijyb
  8375 | D:5      | Killed Ijyb
  9088 | D:8      | Found a staircase to the Lair.
  9167 | D:8      | Reached ** piety under Wu Jian
  9189 | D:8      | Found a runed translucent gate.
  9190 | D:8      | Found a runed translucent gate.
  9191 | D:8      | Found a runed translucent gate.
  9211 | D:8      | Noticed a two-headed ogre
  9214 | D:8      | Killed a two-headed ogre
  9214 | D:8      | Reached skill level 10 in Short Blades
  9626 | D:8      | Found an opulent altar of Gozag.
  9778 | D:8      | Reached skill level 12 in Stealth
 10062 | D:9      | Noticed a two-headed ogre
 10065 | D:9      | Killed a two-headed ogre
 10072 | D:9      | Found a shattered altar of Ashenzari.
 10137 | D:9      | Found a blossoming altar of Fedhas.
 10142 | D:9      | Reached XP level 11. HP: 66/66 MP: 11/11
 10295 | D:9      | Reached skill level 5 in Evocations
 10675 | D:9      | Found a staircase to the Orcish Mines.
 10928 | D:9      | Found a roughly hewn altar of Beogh.
 10937 | D:9      | Reached *** piety under Wu Jian
 11014 | D:9      | Reached skill level 13 in Stealth
 11278 | D:9      | Found an ancient bone altar of Kikubaaqudgha.
 11282 | D:9      | Found a shimmering blue altar of Sif Muna.
 11285 | D:9      | Identified Sif Muna's Catalogue of Fascination
 11289 | D:9      | Found a radiant altar of Vehumet.
 11355 | D:10     | Entered Level 10 of the Dungeon
 12642 | D:10     | Reached **** piety under Wu Jian
 14011 | D:11     | Reached XP level 12. HP: 69/72 MP: 12/12
 14299 | D:12     | Noticed a two-headed ogre
 14301 | D:12     | Killed a two-headed ogre
 14475 | D:12     | Noticed Azrael
 14485 | D:12     | Killed Azrael
 14485 | D:12     | Reached skill level 14 in Stealth
 14804 | D:12     | Noticed Josephine
 15605 | D:12     | Killed from afar by Josephine

Illustrated notes

Levels and vault maps discovered:
D:1:      dpeg_arrival_tiny_e, layout_loops_ring,
          chequers_serial_rivers_small_a, minmay_pentomino_p4
D:2:      layout_basic
D:3:      layout_basic, lemuel_doored_altar, old_standard_altar, uniq_terence
D:4:      layout_layer_cave, nemelex_xobeh_ov_fountains_minmay
D:5:      layout_cave_pools, minmay_temple_entry_purple_smoke, uniq_ijyb
D:6:      layout_cave_pools, nicolae_dithmenos_shadow_blocks,
          cheibrodos_sewer_entry_bend, serial_shops, kennysheep_little_box
D:7:      layout_cave_pods
D:8:      layout_cave_pods, kennysheep_mini, lair_entry_dummy,
          gammafunk_ghost_spectres
D:9:      layout_roguey, grunt_temple_overflow_magic_moments,
          cheibrodos_ashenzari_chains, minmay_orc_entry_temple_small,
          fedhas_bush_and_centaur_altar
D:10:     layout_cave_pools
D:11:     layout_roguey
D:12:     layout_loops_ring, uniq_azrael, uniq_josephine
Temple:   cyrus_circular_temple

Skill      XL: |  1  2  3  4  5  6  7  8  9 10 11 12 |
---------------+-------------------------------------+-----
Short Blades   | 3 4 5 6 7 9 10 12 | 12.7
Stealth        | 6 7 8 9 11 12 13 14 | 14.3
Dodging        | 2 3 4 5 6 7 8 |  8.2
Fighting       | 3 4 5 6 7 |  7.8
Throwing       | 3 4 5 6 7 |  7.8
Evocations     | 3 4 6 |  6.8

Action                   |  1- 3 |  4- 6 |  7- 9 | 10-12 || total
-------------------------+-------+-------+-------+-------++-------
Melee: Dagger            |   153 |   224 |   404 |  1183 ||  1964
Throw: Dart              |       |     2 |       |    35 ||    37
Invok: Lunge             |       |       |    19 |    55 ||    74
       Whirlwind         |       |       |       |    24 ||    24
       Serpent's Lash    |       |       |       |     2 ||     2
Evoke: Wand              |       |       |    11 |    37 ||    48
  Use: Potion            |     5 |       |       |       ||     5
       Scroll            |     2 |     5 |     5 |     1 ||    13
 Stab: Sleeping          |    16 |    22 |    32 |    45 ||   115
       Distracted        |       |     1 |     1 |     3 ||     5
       Paralysed         |       |       |     5 |     4 ||     9
Armor: Robe              |    41 |    71 |    45 |       ||   157
       Steam dragon scal |       |       |    10 |   114 ||   124
Dodge: Dodged            |   113 |   145 |   170 |   536 ||   964
Block: Other             |       |       |    52 |   149 ||   201
       Reflection        |       |       |     2 |     4 ||     6

Table legend: (Time is in decaauts)
 A = Elapsed time spent in this place.
 B = Non-inter-level travel time spent in this place.
 C = Inter-level travel time spent in this place.
 D = Time resting spent in this place.
 E = Time spent auto-exploring this place.
 F = Levels seen in this place.
 G = Mean time per level.
                   A        B        C        D        E       F      G
               +--------+--------+--------+--------+--------+-----+--------+
         Total |  14878 |  14374 |    504 |   4652 |   7011 |  14 | 1062.7 |
       Dungeon |  14780 |  14282 |    498 |   4652 |   6977 |  12 | 1231.7 |
        Temple |     10 |      5 |      5 |      0 |      0 |   1 |   10.0 |
         Sewer |     87 |     87 |      0 |      0 |     34 |   1 |   87.0 |
               +--------+--------+--------+--------+--------+-----+--------+

Top non-repeatable levels by time:
     D:4: 1584 daAuts
    D:10: 1548 daAuts
     D:6: 1542 daAuts
     D:2: 1487 daAuts
     D:7: 1371 daAuts
     D:9: 1315 daAuts
     D:1: 1244 daAuts
    D:11: 1148 daAuts
    D:12: 1121 daAuts
     D:8: 912 daAuts
     D:3: 864 daAuts
     D:5: 638 daAuts
   Sewer: 87 daAuts
  Temple: 10 daAuts
